cohdb
Replays
Latest Replays
All Replays
Popular Replays
Top Player Replays
Match Explorer
How It Works
Community
CoH3 Stats
Reddit
Sign in to upload your games and track your stats! →
Sign in with Steam
Match 45246094
Unlisted
Match 45246094
Overview
Messages
Build Orders
End
Kradschützen Motorcycle Team
Panzergrenadier Squad
Selects Panzerjäger Kommand Battlegroup
Selects Mine Fields
250 Light Carrier
Panzergrenadier Squad
Construct Light Support Kompanie
Panzergrenadier Squad
Construct Mechanized Kompanie
8 Rad Armored Car
Selects Defensive Positions
2.5-tonne Medical Truck
Panzerjäger Mechanized Group
Vehicle Survival Package
Selects Butterfly Bomb Drop
Construct Panzerarmee Kommand
Selects GrB 39 Grenade Launcher Requisition
Selects Tank Busters
Veteran Squad Leaders
Armored Reserves
Selects Crew Shock Tactics
Panzer IV Assault Group
Makros
Nico-Nico-Nii~~
0
0
Comments
sign in to comment!
No comments posted yet!